 Dungeon Crawl Stone Soup version 0.25.1-2-g60ff931df9 (webtiles) character file.

Game seed: 1457691923756558900

174 Ethylacetat the Chiller (level 5, -11/42 HPs)
             Began as a Naga Ice Elementalist on Aug 20, 2020.
             Mangled by Grinder (16 damage)
             ... on level 3 of the Dungeon.
             The game lasted 00:10:32 (3828 turns).

Ethylacetat the Chiller (Naga Ice Elementalist)     Turns: 3828, Time: 00:10:32

Health: -11/42     AC:  2    Str: 11    XL:     5   Next: 54%
Magic:  12/18      EV: 10    Int: 16    God:
Gold:   75         SH:  0    Dex: 11    Spells: 6/10 levels left

rFire    . . .     SeeInvis +   p - +0 dagger (drain)
rCold    . . .     Gourm    .   (no shield)
rNeg     . . .     Faith    .   a - +0 robe
rPois    +         Spirit   .   (no helmet)
rElec    .         Reflect  .   (no cloak)
rCorr    .         Harm     .   (no gloves)
MR       .....                  (no barding)
Stlth    ++........             (no amulet)
HPRegen  0.14/turn              g - ring of magical power
MPRegen  0.16/turn              (no ring)

@: short of breath, very slow
A: large, see invisible, deformed body, poison resistance, slowness 2, slow
metabolism 1, spit poison 1, AC +1
a: Spit Poison


You were on level 3 of the Dungeon.
You were not hungry.

You visited 1 branch of the dungeon, and saw 3 of its levels.

You collected 75 gold pieces.

Inventory:

Hand Weapons
 p - a +0 dagger of draining (weapon)
Armour
 a - a +0 robe (worn)
Jewellery
 g - a ring of magical power (left hand)
Scrolls
 b - 2 scrolls of fog {unknown}
 f - 2 scrolls of remove curse {unknown}
 h - 3 scrolls of teleportation {unknown}
 i - a scroll of amnesia {unknown}
 j - 2 scrolls of magic mapping {unknown}
 m - 2 scrolls of fear {unknown}
 n - 2 scrolls of identify {unknown}
Potions
 e - 2 potions of brilliance {unknown}
 k - a potion of ambrosia {unknown}
 l - 2 potions of heal wounds {unknown}
Comestibles
 c - 5 rations
 d - 3 chunks of flesh


   Skills:
 - Level 1.5 Dodging
 - Level 3.0 Stealth
 + Level 3.3 Spellcasting
 * Level 5.9 Ice Magic


You had 6 spell levels left.
You knew the following spells:

 Your Spells              Type           Power        Failure   Level  Hunger
a - Freeze                Ice            ###.         1%          1    None
b - Frozen Ramparts       Ice            ###...       4%          3    ###....

Your spell library contained the following spells:

 Spells                   Type           Power        Failure   Level  Hunger
 Ozocubu's Armour         Chrm/Ice       ##......     16%         3    ###....
 Hailstorm                Conj/Ice       ##......     47%         4    ####...
 Summon Ice Beast         Ice/Summ       ##......     47%         4    ####...


Dungeon Overview and Level Annotations

Branches:
Dungeon (3/15)

Altars:
Vehumet

Annotations:
D:3 Grinder


Innate Abilities, Weirdness & Mutations

You cannot wear boots.
Your serpentine skin is tough. (AC +1)
You have supernaturally acute eyesight. (SInv)
Armour fits poorly on your strangely shaped body.
Your system is resistant to poisons. (rPois)
You cover ground very slowly.
You have a slow metabolism.
You can spit poison.


Message History

Confirm with . or Enter, or press ? or * to list all spells.
Aiming: Freeze (safe; 1% risk of failure)
Press: ? - help, Shift-Dir - straight line, f/p - Grinder
Aim: Grinder, carrying a wand of flame (14) (lightly wounded, strong) Grinder completely resists.
You freeze Grinder but do no damage.
Grinder completely resists.
The wall freezes Grinder but do no damage.
Grinder hits you!
* * * LOW HITPOINT WARNING * * *
You writhe in agony.
* * * LOW HITPOINT WARNING * * *
Casting: Freeze (safe; 1% risk of failure)
Confirm with . or Enter, or press ? or * to list all spells.
Aiming: Freeze (safe; 1% risk of failure)
Press: ? - help, Shift-Dir - straight line, f/p - Grinder
Aim: Grinder, carrying a wand of flame (14) (lightly wounded, strong) Grinder resists.
You freeze Grinder.
Grinder is lightly wounded.
The frozen ramparts melt away.
Grinder hits you!
You die...

.............+....
.#.........####.
.#.##.###### #. .# #(#
#. .# #.# #. .# #.# #.
.# #.# #.
#####.#.##.####### #.
#...@....#.......# #)
#.###5##########.# #.
#.# ........###.# #.
###.#####..........###.
#.....# ...........##.
###'##### ......###.###
#.......# #+###. #.#
#......(# # #.###
#.......# ###...#


You could see Grinder (strong).

Vanquished Creatures
  A crimson imp (D:3)
  5 adders
  An ooze (D:2)
  3 leopard geckos (D:2)
  7 orcs (D:3)
  8 bats
  2 giant cockroaches
  8 goblins
  8 hobgoblins
  6 jackals
  3 quokkas
  A ball python (D:1)
  5 frilled lizards
  12 kobolds
  6 rats
76 creatures vanquished.

Notes
Turn   | Place    | Note
-------+----------+-------------------------------------------
     0 | D:1      | Ethylacetat the Naga Ice Elementalist began the quest for
                  | the Orb.
     0 | D:1      | Reached XP level 1. HP: 15/15 MP: 3/3
    74 | D:1      | Reached XP level 2. HP: 22/22 MP: 0/5
  1140 | D:1      | Reached XP level 3. HP: 28/28 MP: 6/6
  1292 | D:1      | Learned a level 3 spell: Frozen Ramparts
  1810 | D:2      | Reached skill level 5 in Ice Magic
  1910 | D:2      | Reached XP level 4. HP: 36/36 MP: 8/8
  2463 | D:2      | Found a radiant altar of Vehumet.
  2967 | D:3      | Reached XP level 5. HP: 16/42 MP: 9/9
  3820 | D:3      | Noticed Grinder
  3828 | D:3      | Mangled by Grinder

Illustrated notes

Levels and vault maps discovered:
D:1:      matt_arrival_debris, layout_basic, minmay_hedge_maze
D:2:      layout_loops_cross, overflow_temple_1_default
D:3:      lemuel_upstairs_altar, layout_basic, uniq_grinder

Skill      XL: |  1  2  3  4 |
---------------+-------------+-----
Ice Magic      | 5 |  5.9
Spellcasting   | 3 |  3.3
Dodging        | |  1.5
Stealth        | |  3.0

Action                   |  1- 3 |  4- 6 || total
-------------------------+-------+-------++-------
Melee: Unarmed           |     2 |       ||     2
       Club              |    58 |    24 ||    82
       Dagger            |       |    60 ||    60
 Cast: Freeze            |    11 |    14 ||    25
       Frozen Ramparts   |     1 |     3 ||     4
 Abil: Spit Poison       |    18 |    28 ||    46
 Stab: Sleeping          |     1 |       ||     1
  Eat: Chunk             |     3 |     7 ||    10
Armor: Robe              |    19 |    15 ||    34
Dodge: Dodged            |    34 |    56 ||    90
